 Dungeon Crawl Stone Soup version 0.31-a0-222-gefeffbb62a (webtiles) character file.

Game seed: 11177641129981098837

21 qw the Shield-Bearer (level 2, -5/19 HPs)
             Began as a Gargoyle Fighter on July 4, 2023.
             Slain by Terence
             ... wielding a +0 flail
              (8 damage)
             ... on level 2 of the Dungeon.
             The game lasted 00:00:23 (769 turns).

qw the Shield-Bearer (Gargoyle Fighter)              Turns: 769, Time: 00:00:23

Health: -5/19      AC:  9    Str: 19    XL:     2   Next: 87%
Magic:  2/2        EV:  9    Int:  8    God:
Gold:   640        SH:  4    Dex:  9    Spells: 1/1 levels left

rFire   . . .        Y - +0 war axe
rCold   . . .        c - +0 buckler
rNeg    + . .        b - +0 scale mail
rPois   inf          (no helmet)
rElec   +            (no cloak)
rCorr   .            (no gloves)
SInv    .            (no boots)
Will    .....        (no amulet) Stlth
                     (no ring)
HPRegen 0.23/turn    (no ring)
MPRegen 0.08/turn

%: no passive effects
@: no status effects
A: sickness immunity, AC +2, negative energy resistance 1, electricity
resistance, torment resistance 1, petrification resistance
a: no special abilities


You were on level 2 of the Dungeon.
You visited 1 branch of the dungeon, and saw 2 of its levels.

You collected 640 gold pieces.


Innate Abilities, Weirdness & Mutations

You are immune to sickness and miasma.
Your stone body is resilient. (AC +2)
You are immune to poison.
You resist negative energy. (rN+)
You are resistant to electric shocks. (rElec)
You are resistant to unholy torment.
You are immune to petrification.


   Skills:
 - Level 3.2 Fighting
 + Level 3.0 Axes
 - Level 3.2 Armour
 - Level 3.2 Shields


You had one spell level left.
You didn't know any spells.
Your spell library was empty.

Inventory:

Hand Weapons
 f - a +0 mace
 Y - a +0 war axe (weapon)
Armour
 b - a +0 scale mail (worn)
 c - a +0 buckler (worn)
 e - a +0 chain mail
Scrolls
 a - a scroll of identify
Potions
 d - a potion of might
 g - a potion of curing
 j - a potion of attraction {unknown}

Dungeon Overview and Level Annotations

Branches:
Dungeon (2/15)

Altars:

Annotations:
D:2 Terence


Message History

You slash the rat!
You kill the rat!
Terence the Incautious comes into view.
He is wielding a +0 flail.
Terence shouts!
A dart slug comes into view.
Enter note:
Enter note:
755 ||| Stepping ~*~*~tactically~*~*~ (stealth).
Enter note:
Enter note:
760 ||| Stepping ~*~*~tactically~*~*~ (stealth).
You hit Terence.
Terence is lightly wounded.
Terence barely misses you. x2
You slash Terence!
Terence is heavily wounded.
You block Terence's attack.
You closely miss Terence.
Terence is heavily wounded.
Terence misses you. Terence barely misses you.
You closely miss Terence.
Terence is heavily wounded.
You block Terence's attack. The dart slug launches a dart at you.
The slug dart hits you but does no damage.
You barely miss Terence.
Terence is heavily wounded.
Terence hits you with a +0 flail! Terence hits you with a +0 flail.
You hit Terence.
Terence is severely wounded.
Terence hits you with a +0 flail.
You closely miss Terence.
Terence is severely wounded.
You hit the dart slug. Terence hits you with a +0 flail.
You closely miss Terence.
Terence is severely wounded.
You hit the dart slug. Terence hits you with a +0 flail!
You die...

#. #. #. #. ###
#.##.##
.#####.#.#.###
.w...........#
w#####.#w..#.######
#...@@##.##...#
#..............#
##....###.##...####
##.#.............#
#.######.#..###.#
#. #.#.####.# #+
#........#
###.###### # #.##
##


You could see Terence and a dart slug.

Vanquished Creatures
  A dart slug (D:1)
  An orc (D:2)
  2 bats (D:1)
  2 endoplasms (D:1)
  A giant cockroach (D:1)
  A goblin (D:1)
  2 hobgoblins (D:1)
  3 ball pythons
  A kobold (D:1)
  5 rats
19 creatures vanquished.

Notes
Turn   | Place    | Note
-------+----------+-------------------------------------------
     0 | D:1      | qw the Gargoyle Fighter began the quest for the Orb.
     0 | D:1      | Reached XP level 1. HP: 14/14 MP: 1/1
     0 | D:1      | 0 ||| qw: Version: 0.3-a-46-gb1f654a
     0 | D:1      | 0 ||| qw: Game counter: 883
     0 | D:1      | 0 ||| qw: Melee chars always use a shield: true
     0 | D:1      | 0 ||| qw: God list: Okawaru
     0 | D:1      | 0 ||| qw: Allow faded altars: false
     0 | D:1      | 0 ||| qw: Do Orc after clearing Dungeon:15 true
     0 | D:1      | 0 ||| qw: Do second Lair branch before Depths: true
     0 | D:1      | 0 ||| qw: Lair rune preference: random
     0 | D:1      | 0 ||| qw: Goals: Normal, Zot:1-4, Slime:5, God:TSO, Crypt,
                  | Tomb, Abyss, Pan, Hells, Win
     0 | D:1      | 0 ||| PLANNING D:1-11
   165 | D:1      | Reached XP level 2. HP: 19/19 MP: 2/2
   521 | D:1      | 521 ||| READING 3 scrolls labelled ZOPRYS FAUNU.
   522 | D:1      | 522 ||| READING scroll labelled ANATELA ISUH.
   523 | D:1      | 523 ||| READING scroll labelled QAZOD HILEXAC.
   526 | D:1      | 526 ||| READING scroll labelled XUDATUALEC.
   526 | D:1      | Identified a scroll of acquirement
   526 | D:1      | 526 ||| ACQUIRING 580 gold pieces
   526 | D:1      | Acquired 580 gold pieces
   528 | D:1      | 528 ||| DRINKING 2 red potions.
   529 | D:1      | 529 ||| READING 2 scrolls of identify.
   529 | D:1      | 529 ||| IDENTIFYING fizzy golden potion
   530 | D:1      | 530 ||| DROPPING potion of berserk rage.
   622 | D:2      | Reached skill level 3 in Axes
   754 | D:2      | Noticed Terence
   755 | D:2      | 755 ||| Stepping ~*~*~tactically~*~*~ (stealth).
   760 | D:2      | 760 ||| Stepping ~*~*~tactically~*~*~ (stealth).
   768 | D:2      | HP: 3/19 [Terence/+0 flail (5)]
   769 | D:2      | Slain by Terence

Levels and vault maps discovered:
D:1:      lemuel_arrival_funnel, layout_rooms, dk_noncrumbling_3,
          dreamdust_wishing_well
D:2:      layout_loops_corners, uniq_terence

Skill      XL: |  1  2 |
---------------+-------+-----
Axes           | 2 3 |  3.0
Fighting       | |  3.2
Armour         | |  3.2
Shields        | |  3.2

Action                     || total
---------------------------++-------
  Melee: War axe           ||    42
    Use: Scroll            ||     5
         Potion            ||     1
 Armour: Scale mail        ||    13
  Dodge: Dodged            ||    22
  Block: Buckler           ||     5

Table legend:
 A = Non-vault XP
 B = Vault XP
 C = Vault XP percentage of total XP
 D = Non-vault monster count
 E = Vault monster count
 F = Vault count percentage of total count
                 A         B        C        D         E       F
            +---------+---------+-------+---------+---------+-------
      Total |      31 |       0 |   0.0 |      19 |       0 |   0.0
            +---------+---------+-------+---------+---------+-------
        D:1 |      26 |       0 |   0.0 |      16 |       0 |   0.0
        D:2 |       5 |       0 |   0.0 |       3 |       0 |   0.0
            +---------+---------+-------+---------+---------+-------
